 Dungeon Crawl Stone Soup version 0.31-a0-844-gdc52ec4e09 (webtiles) character file.

Game seed: 17401389082306268354

30 BinkBink the Trooper (level 3, -2/29 HPs)
             Began as a Demonspawn Berserker on Sept 29, 2023.
             Was a Follower of Trog.
             Slain by an adder (3 damage)
             ... on level 2 of the Dungeon.
             The game lasted 00:01:25 (650 turns).

BinkBink the Trooper (Demonspawn Berserker)          Turns: 650, Time: 00:01:26

Health: -2/29      AC:  2    Str: 17    XL:     3   Next: 3%
Magic:  3/3        EV: 12    Int: 10    God:    Trog [*.....]
Gold:   50         SH:  0    Dex: 12    Spells: 2/2 levels left

rFire   + . .        a - +0 hand axe
rCold   + . .        (no shield)
rNeg    . . .        b - +0 animal skin
rPois   +            (no helmet)
rElec   +            (no cloak)
rCorr   +            (no gloves)
SInv    .            (no boots)
Will    .....        (no amulet)
Stlth   +            g - ring of flight
HPRegen 0.24/turn    (no ring)
MPRegen 0.16/turn

%: no passive effects
@: lethally poisoned (-2 -> -7), resistant, flying, hasted, very quick
A: magic regeneration
a: Renounce Religion, Berserk


You were on level 2 of the Dungeon.
You worshipped Trog.
Trog was aware of your devotion.
You visited 1 branch of the dungeon, and saw 2 of its levels.

You collected 50 gold pieces.

Inventory:

Hand Weapons
 a - a +0 hand axe (weapon)
Armour
 b - a +0 animal skin (worn)
Jewellery
 g - a ring of flight (left hand)
Scrolls
 c - 2 scrolls of identify {unknown}
 f - 2 scrolls of fog {unknown}
 h - a scroll of noise {unknown}


   Skills:
 + Level 3.4 Fighting
 + Level 3.1 Axes
 + Level 2.3 Armour
 - Level 1.7 Dodging


You had 2 spell levels left.
You didn't know any spells.
Your spell library was empty.

Dungeon Overview and Level Annotations

Branches:
Dungeon (1/15)

Altars:


Innate Abilities, Weirdness & Mutations

You regenerate magic rapidly.


Message History

The adder completely misses you. The adder bites you.
You are poisoned.
The adder poisons you!
You closely miss the adder.
The adder is heavily wounded.
You feel sick. The adder bites you.
You are more poisoned.
The adder poisons you!
You miss the adder.
The adder is heavily wounded.
You feel sick. The adder misses you.
You barely miss the adder.
The adder is heavily wounded.
You feel sick. The adder bites you. x2
You are more poisoned.
The adder poisons you!
You closely miss the adder.
The adder is heavily wounded.
You feel very sick. The adder bites you.
* * * LOW HITPOINT WARNING * * *
It was a potion of haste.
You feel yourself speed up.
* * * LOW HITPOINT WARNING * * *
You feel sick. The adder bites you.
* * * LOW HITPOINT WARNING * * *
You are more poisoned.
The adder poisons you! The adder bites you but does no damage.
It was a potion of resistance.
You feel protected.
* * * LOW HITPOINT WARNING * * *
You feel sick. The adder closely misses you.
You closely miss the adder.
The adder is heavily wounded.
* * * LOW HITPOINT WARNING * * *
You feel sick. The adder barely misses you.
You hit the adder.
The adder is almost dead.
* * * LOW HITPOINT WARNING * * *
You feel sick. The adder bites you.
You die...

#+# #.# #.# #.#
.##. #.# ...# #S#
...# #@# )..# #.#
...# #.#.# ...#
#.#.# ...# #.#.#
...#......####.#.#
...# .....+....#.#
..## ....##...#.#
..# ...##...#.#


You could see an adder.

Vanquished Creatures
  An adder (D:2)
  An endoplasm (D:2)
  3 hobgoblins
  3 kobolds
  A ball python (D:1)
  5 bats (D:2)
  A frilled lizard (D:1)
  2 goblins
  4 rats
21 creatures vanquished.

Notes
Turn   | Place    | Note
-------+----------+-------------------------------------------
     0 | D:1      | BinkBink the Demonspawn Berserker began the quest for the
                  | Orb.
     0 | D:1      | Reached XP level 1. HP: 18/18 MP: 1/1
   137 | D:1      | You fall into a shaft and drop 1 floor!
   196 | D:2      | Gained mutation: You regenerate magic rapidly. [demonic
                  | ancestry]
   196 | D:2      | Reached XP level 2. HP: 24/24 MP: 2/2
   555 | D:2      | Reached XP level 3. HP: 13/29 MP: 3/3
   650 | D:2      | HP: 1/29 [poisoned by an adder]
   650 | D:2      | Slain by an adder

Illustrated notes

Levels and vault maps discovered:
D:1:      reono_arrival_forest_river, layout_rooms, minmay_misc_feat_pillars,
          minivault_24, chequers_arboretum
D:2:      layout_basic, serial_shops, shop

Skill      XL: |  1  2 |
---------------+-------+-----
Armour         | 2 |  2.3
Axes           | 3 |  3.1
Fighting       | |  3.4
Dodging        | |  1.7

Action                     || total
---------------------------++-------
  Melee: Hand axe          ||    70
    Use: Potion            ||     2
 Armour: Animal skin       ||    42
  Dodge: Dodged            ||    61

Table legend: (Time is in decaauts)
 A = Elapsed time spent in this place.
 B = Non-inter-level travel time spent in this place.
 C = Inter-level travel time spent in this place.
 D = Time resting spent in this place.
 E = Time spent auto-exploring this place.
 F = Levels seen in this place.
 G = Mean time per level.
                   A        B        C        D        E       F      G
               +--------+--------+--------+--------+--------+-----+--------+
         Total |    662 |    662 |      0 |      0 |    505 |   2 |  331.0 |
       Dungeon |    662 |    662 |      0 |      0 |    505 |   2 |  331.0 |
               +--------+--------+--------+--------+--------+-----+--------+

Top non-repeatable levels by time:
     D:2: 518 daAuts
     D:1: 143 daAuts
